 Dungeon Crawl Stone Soup version 0.31-a0-185-g9dded2c639 (webtiles) character file.

Game seed: 8087862753524911

130 qw the Skirmisher (level 4, 0/25 HPs)
             Began as a Deep Elf Hunter on June 22, 2023.
             Succumbed to a scorpion's poison
             ... on level 2 of the Dungeon.
             The game lasted 00:00:25 (1139 turns).

qw the Skirmisher (Deep Elf Hunter)                 Turns: 1139, Time: 00:00:25

Health: 0/25       AC:  4    Str: 10    XL:     4   Next: 90%
Magic:  6/6        EV: 12    Int: 14    God:
Gold:   87         SH:  0    Dex: 18    Spells: 3/3 levels left

rFire   . . .        Y - +0 shortbow
rCold   . . .        (shield currently unavailable)
rNeg    . . .        c - +0 leather armour
rPois   .            f - +0 helmet
rElec   .            (no cloak)
rCorr   .            (no gloves)
SInv    .            (no boots)
Will    .....        (no amulet)
Stlth   ++           (no ring)
HPRegen 0.24/turn    (no ring)
MPRegen 0.10/turn

%: no passive effects
@: lethally poisoned (0 -> -12)
A: no striking features
a: no special abilities


You were on level 2 of the Dungeon.
You visited 1 branch of the dungeon, and saw 2 of its levels.

You collected 87 gold pieces.


   Skills:
 - Level 1.5 Fighting
 + Level 8.3 Ranged Weapons
 - Level 2.4 Dodging
 - Level 1.2 Stealth


You had 3 spell levels left.
You didn't know any spells.
Your spell library was empty.

Inventory:

Hand Weapons
 Y - a +0 shortbow (weapon)
Armour
 a - a +0 scale mail
 c - a +0 leather armour (worn)
 f - a +0 helmet (worn)
Potions
 e - a potion of curing {unknown}
 g - a potion of enlightenment {unknown}
 h - a potion of degeneration {unknown}

Dungeon Overview and Level Annotations

Branches:
Dungeon (2/15)

Altars:


Message History

The scorpion is lightly wounded.
You shoot an arrow. The arrow hits the scorpion.
The scorpion is moderately wounded.
You shoot an arrow.
The arrow hits the scorpion but does no damage.
The scorpion is moderately wounded.
You shoot an arrow. The arrow hits the scorpion.
The scorpion is heavily wounded.
The scorpion closely misses you.
The scorpion stings you but does no damage.
You shoot an arrow. The arrow hits the scorpion!
The scorpion is almost dead.
The scorpion misses you.
You shoot an arrow. The arrow barely misses the scorpion.
The scorpion completely misses you.
You shoot an arrow.
The arrow hits the scorpion but does no damage.
The scorpion is almost dead.
The scorpion closely misses you. The scorpion stings you.
You are poisoned.
The scorpion poisons you!
You shoot an arrow.
The arrow hits the scorpion but does no damage.
The scorpion is severely wounded.
You feel very sick.
The scorpion stings you but does no damage.
You shoot an arrow. The arrow hits the scorpion.
The scorpion is almost dead.
You feel sick. The scorpion stings you.
You are lethally poisoned!
The scorpion poisons you!
You shoot an arrow. The arrow closely misses the scorpion.
You feel very sick. The scorpion stings you.
You shoot an arrow. The arrow hits the scorpion.
You kill the scorpion!
You feel very sick.
Your Ranged Weapons skill increases to level 8!
There is a lethal amount of poison in your body!
You die...

.. ..# #.# ... #.# #.#
...####.########
...............#
....##@######.#########
. #.#.......).)..)..
#...####.######### ##..
#.# ..# #.# ..# #.# ..#
#.# .$# #.# #.#


There were no monsters in sight!

Vanquished Creatures
  A scorpion (D:2)
  3 gnolls (D:2)
  An adder (D:2)
  A worm (D:2)
  A dart slug (D:1)
  An endoplasm (D:1)
  3 giant cockroaches (D:1)
  4 hobgoblins (D:1)
  2 quokkas (D:1)
  3 ball pythons
  3 bats (D:1)
  A frilled lizard (D:1)
  2 goblins (D:1)
  4 kobolds (D:1)
  2 rats (D:1)
32 creatures vanquished.

Notes
Turn   | Place    | Note
-------+----------+-------------------------------------------
     0 | D:1      | qw the Deep Elf Hunter began the quest for the Orb.
     0 | D:1      | Reached XP level 1. HP: 12/12 MP: 3/3
     0 | D:1      | 0 ||| qw: Version: 0.3-a-9-g12657ce
     0 | D:1      | 0 ||| qw: Game counter: 1755
     0 | D:1      | 0 ||| qw: Always use a shield: true
     0 | D:1      | 0 ||| qw: God list: Okawaru
     0 | D:1      | 0 ||| qw: Allow faded altars: false
     0 | D:1      | 0 ||| qw: Do Orc after D:15 true
     0 | D:1      | 0 ||| qw: Do second Lair branch before Depths: true
     0 | D:1      | 0 ||| qw: Lair rune preference: random
     0 | D:1      | 0 ||| qw: Plans: Normal
     0 | D:1      | 0 ||| PLANNING D:1-11
    95 | D:1      | Reached XP level 2. HP: 16/16 MP: 4/4
   103 | D:1      | Reached skill level 6 in Ranged Weapons
   620 | D:1      | Reached XP level 3. HP: 20/20 MP: 5/5
   806 | D:1      | 806 ||| UPGRADING to +0 helmet.
   811 | D:1      | 811 ||| READING scroll labelled ODOASA INAQU.
   812 | D:1      | 812 ||| READING scroll labelled JUACEF GIUBEL.
   813 | D:1      | 813 ||| READING scroll labelled TOSSAGH RODE.
   814 | D:1      | 814 ||| DROPPING scroll of butterflies.
   816 | D:1      | 816 ||| Stepping ~*~*~tactically~*~*~ (cloud).
   823 | D:1      | HP: 5/20 [poisoned by you (poison gas)]
   894 | D:2      | Found a faded altar of an unknown god.
   983 | D:2      | HP: 5/20 [poisoned by an adder]
   983 | D:2      | HP: 2/20 [adder (3)]
  1093 | D:2      | Reached skill level 7 in Ranged Weapons
  1108 | D:2      | Reached XP level 4. HP: 25/25 MP: 6/6
  1126 | D:2      | Noticed a scorpion
  1137 | D:2      | HP: 6/25 [scorpion (3)]
  1138 | D:2      | Killed a scorpion
  1139 | D:2      | Reached skill level 8 in Ranged Weapons
  1139 | D:2      | Succumbed to a scorpion's poison

Levels and vault maps discovered:
D:1:      scummos_arrival_simple_crosswalls, layout_basic
D:2:      layout_loops_ring, nicolae_ecumenical_pavilion,
          minmay_misc_feat_pillars

Skill      XL: |  1  2  3  4 |
---------------+-------------+-----
Ranged Weapons | 6 7 8 |  8.3
Fighting       | |  1.5
Dodging        | |  2.4
Stealth        | |  1.2

Action                     |  1- 3 |  4- 6 || total
---------------------------+-------+-------++-------
   Fire: Shortbow          |    90 |    12 ||   102
    Use: Scroll            |     3 |       ||     3
 Armour: Leather armour    |     4 |     2 ||     6
  Dodge: Dodged            |    12 |     4 ||    16

Table legend:
 A = Non-vault XP
 B = Vault XP
 C = Vault XP percentage of total XP
 D = Non-vault monster count
 E = Vault monster count
 F = Vault count percentage of total count
                 A         B        C        D         E       F
            +---------+---------+-------+---------+---------+-------
      Total |     187 |       0 |   0.0 |      32 |       0 |   0.0
            +---------+---------+-------+---------+---------+-------
        D:1 |      43 |       0 |   0.0 |      25 |       0 |   0.0
        D:2 |     144 |       0 |   0.0 |       7 |       0 |   0.0
            +---------+---------+-------+---------+---------+-------
